Description

Trying to be untriggered and untrashed. You Undadan?!

s/o to Twitch.Tv/Vibelol for Showing us this Build!

[+]

Published/TimeStamped by Twitch.Tv/CDNThe3rd


GLHF

Build Order

Get SALT Encoding   

  14  0:17  Supply Depot  
  15  0:28  Refinery  
  16  0:44  Barracks  
  18  1:04  Action  Go Scout w/ 16 SCV
  19  1:32  Orbital Command, Reaper  
  20  1:47  Command Center  
  20  1:58  Factory  
  21  2:07  Reaper  
  22  2:13  Supply Depot  
  23  2:23  Refinery  
  25  2:39  Reaper  
  27  2:44  Hellion  
  28  2:58  Starport  
  28  3:02  Orbital Command  on 2nd CC
  30  3:05  Hellion  
  30  3:11  Barracks Reactor  
  31  3:19  Supply Depot  
  33  3:33  Factory Tech Lab  
  33  3:35  Starport Tech Lab  
  38  3:52  Cyclone  
  42  3:56  Marine x2  
  42  4:05  Command Center  3rd CC
  45  4:13  Raven  
  48  4:16  Marine x2  
  48  4:20  Supply Depot  
  53  4:36  Supply Depot  
  57  4:41  Siege Tank  
  58  4:54  Action  Swap Starport w/ Rax Reactor..
  60  5:01  Barracks x2  
  60  5:04  Engineering Bay  
  62  5:11  Supply Depot  
  62  5:14  Refinery x2  @ Natural , @ Natural
  62  5:17  Stimpack  
  63  5:21  Orbital Command  on 3rd CC
  70  5:33  Medivac  
  72  5:47  Terran Infantry Weapons Level 1  
  74  5:55  Barracks Reactor x2  
  78  6:10  Barracks x2  
  85  6:15  Viking, Medivac  
  85  6:20  Action  Start Constant Rine/Tank/Viking Production
  89  6:24  Engineering Bay  
  91  6:28  Supply Depot x2  
  91  6:30  Supply Depot  
  107  6:53  Supply Depot x2  
  108  6:56  Supply Depot  
  108  6:59  Barracks Reactor x2  
  111  7:05  Refinery x2  @ 3rd, @ 3rd
  111  7:07  Combat Shield  
  115  7:17  Command Center  
  118  7:28  Armory  
  129  7:40  Terran Infantry Armor Level 1  
  141  8:00  Supply Depot x3  
  149  8:14  Supply Depot x2  
  157  8:27  Terran Vehicle Weapons Level 1, Terran Infantry Weapons Level 2  
  161  8:30  Action  Fly 4th CC out to Mineral
  166  8:43  Barracks x2  
  166  8:44  Factory  
  169  8:57  Planetary Fortress  
  169  8:59  Command Center  
  200  9:29  Action  Did You Max?!?!?
  200  9:36  Barracks Reactor x2  
  200  9:47  Terran Infantry Armor Level 2  
  200  9:50  Action  Move out
  200  9:56  Barracks x2  
  200  10:38  Barracks x2  
  200  10:47  Action  More Upgrades and More Rax!!!
Spawning Tool Build Advisor. Get it on Overwolf

Go to:

Details

  • Created by: Ceez
  • Published on: Feb 07, 2020
  • Modified on: Feb 08, 2020
  • Patch: 4.11.0
Show
View Real Time Build Order
Export as new Build Order

Comments (0)

There are no comments. Be the first!

Create an account to comment!